 Dungeon Crawl Stone Soup version 0.28.0-1-gb440e238dd (webtiles) character file.

Game seed: 1940048891724024700

863 Woods the Cleaver (level 7, 0/58 HPs)
             Began as a Minotaur Fighter on Feb 23, 2022.
             Slain by Blork the orc (8 damage)
             ... on level 5 of the Dungeon.
             The game lasted 00:04:39 (4484 turns).

Woods the Cleaver (Minotaur Fighter)                Turns: 4484, Time: 00:04:40

Health: 0/58       AC: 12    Str: 20    XL:     7   Next: 72%
Magic:  6/6        EV:  5    Int: 11    God:
Gold:   261        SH:  4    Dex: 12    Spells: 6/6 levels left

rFire   . . .      SeeInvis .   a - +0 war axe
rCold   . . .      Faith    .   c - +0 buckler
rNeg    . . .      Spirit   .   t - +0 plate armour
rPois   +          Reflect  .   (helmet restricted)
rElec   .          Harm     .   (no cloak)
rCorr   .          Rampage  .   (no gloves)
Will    .....                   q - +0 pair of boots
Stlth   ..........              (no amulet)
HPRegen 0.19/turn               l - ring of poison resistance
MPRegen 0.10/turn               b - +6 ring of intelligence

@: mighty
A: horns 2, retaliatory headbutt
a: no special abilities


You were on level 5 of the Dungeon.
You visited 1 branch of the dungeon, and saw 5 of its levels.
You also visited: Ossuary.

You collected 261 gold pieces.

Inventory:

Hand Weapons
 a - a +0 war axe (weapon)
Armour
 c - a +0 buckler (worn)
 p - a +0 chain mail
 q - a +0 pair of boots (worn)
 t - a +0 plate armour (worn)
Jewellery
 b - a +6 ring of intelligence (right hand)
 l - a ring of poison resistance (left hand)
Wands
 o - a wand of flame (17)
 D - a wand of iceblast (11)
 E - a wand of paralysis (3)
Scrolls
 e - a scroll of amnesia {unknown}
 i - 2 scrolls of fear
 k - a scroll of summoning {unknown}
 m - 2 scrolls of holy word
 r - 2 scrolls of vulnerability {unknown}
 u - 2 scrolls of noise {unknown}
 w - a scroll of magic mapping {unknown}
 y - a scroll of blinking {unknown}
 A - a scroll of enchant armour {unknown}
 C - 3 scrolls of teleportation {unknown}
 F - a scroll of identify
 G - a scroll of enchant weapon {unknown}
Potions
 d - a potion of might
 f - 2 potions of heal wounds {unknown}
 g - 2 potions of curing
 h - a potion of berserk rage {unknown}
 j - a potion of attraction {unknown}
 n - 3 potions of flight
 s - a potion of cancellation {unknown}
 v - 2 potions of degeneration {unknown}
 x - a potion of mutation {unknown}
 z - 2 potions of brilliance {unknown}
 B - 2 potions of haste {unknown}


   Skills:
 - Level 3.8 Fighting
 + Level 10.6 Axes
 - Level 3.8 Armour
 - Level 3.8 Shields


You had 6 spell levels left.
You didn't know any spells.
Your spell library contained the following spells:

 Spells                   Type           Power      Damage    Failure   Level
 Foxfire                  Conj/Fire      0%         2x1d4     100%        1
 Sublimation of Blood     Necr           0%         N/A       100%        2
 Wereblood                Tmut           0%         N/A       100%        2
 Conjure Flame            Conj/Fire      0%         6-21      100%        3
 Dazzling Flash           Conj/Hex       0%         N/A       100%        3
 Inner Flame              Hex/Fire       0%         N/A       100%        3
 Cause Fear               Hex            0%         N/A       100%        4
 Flame Wave               Conj/Fire      0%         2d4       100%        4
 Iskenderun's Mystic Bla  Conj/Tloc      0%         2d3       100%        4
 Starburst                Conj/Fire      0%         6d3       100%        6
 Summon Hydra             Summ           0%         N/A       100%        7
 Discord                  Hex            0%         N/A       100%        8


Dungeon Overview and Level Annotations

Branches:
Dungeon (5/15)            Ossuary (visited)
 Temple: D:4-7

Altars:
Hepliaklqana
Okawaru
Zin
The Shining One

Annotations:
D:5 Blork the orc


Innate Abilities, Weirdness & Mutations

You have a pair of horns on your head.
You reflexively headbutt those who attack you in melee.


Message History

You closely miss something. Something hits you!
You miss something. Something hits you but does no damage. Something hits you!
You miss something. Your headbutt misses something. Something hits you.
You slash something! Your headbutt misses something.
Something hits you but does no damage.
You hit something but do no damage.
You hear some strange, mumbled words. x2
A puff of flame appears from out of thin air!
The puff of flame hits you but does no damage.
Something hits you. Something hits you.
You hear some strange, mumbled words. x2
A puff of flame appears from out of thin air!
The puff of flame hits you.
A magic dart appears from out of thin air!
The magic dart hits you.
* * * LOW HITPOINT WARNING * * *
You hear some strange, mumbled words.
A puff of frost appears from out of thin air!
The puff of frost hits you.
* * * LOW HITPOINT WARNING * * *
Something hits you but does no damage.
You feel better. Something hits you. x2
* * * LOW HITPOINT WARNING * * *
You feel very mighty all of a sudden. Something hits you!
* * * LOW HITPOINT WARNING * * *
You barely miss something. You headbutt something!
Something hits you but does no damage. Something hits you.
* * * LOW HITPOINT WARNING * * *
You closely miss something. Your headbutt misses something.
You hear some strange, mumbled words.
Something hits you.
* * * LOW HITPOINT WARNING * * *
You feel better. Something hits you but does no damage.
You closely miss something. Something hits you.
* * * LOW HITPOINT WARNING * * *
You hear some strange, mumbled words.
You closely miss something. Something hits you!
You die...

#.# #.# # #.# #.#
# #.# #.# #
#######.####.# #
............># #
#######.####.# #
#.# #(# #
#.####.######### #
#......{@....... #
#.####.######### #
#.# #.# #.## ###
#.# #.## #.# #.##
##############.##
#.##
................#
#.##
##############..##
#.## #...#
#######.##


There were no monsters in sight!

Vanquished Creatures
  Edmund (D:5)
  A water moccasin (D:5)
  A centaur (D:5)
  3 water moccasin zombies (Ossuary)
  A water moccasin skeleton (D:2)
  A howler monkey (D:5)
  A hound (D:4)
  2 jellies (D:5)
  Ijyb (D:5)
  An iguana (D:4)
  2 mummies (Ossuary)
  2 adders
  4 adder zombies (Ossuary)
  5 worms
  3 dart slugs
  An orc (D:4)
  3 ball pythons
  6 bats
  7 endoplasms
  6 giant cockroaches
  4 gnoll zombies (Ossuary)
  12 goblins
  A hobgoblin (D:1)
  2 jackals (D:1)
  8 kobolds
  3 quokkas
  2 frilled lizards
  5 hobgoblin zombies (Ossuary)
  5 kobold zombies (Ossuary)
  4 orc zombies (Ossuary)
  6 rats
104 creatures vanquished.

Notes
Turn   | Place    | Note
-------+----------+-------------------------------------------
     0 | D:1      | Woods the Minotaur Fighter began the quest for the Orb.
     0 | D:1      | Reached XP level 1. HP: 19/19 MP: 0/0
    47 | D:1      | Found a faded altar of an unknown god.
   115 | D:1      | Reached XP level 2. HP: 27/27 MP: 1/1
   145 | D:1      | Reached skill level 3 in Axes
   596 | D:2      | Reached XP level 3. HP: 33/33 MP: 2/2
   640 | D:2      | Reached skill level 4 in Axes
   670 | D:2      | Identified the +2 short sword of the Crawling Thing {holy,
                  | rElec rN++ Str+3 Dex-2}
   809 | D:2      | Reached skill level 5 in Axes
   809 | D:2      | Reached XP level 4. HP: 29/40 MP: 3/3
  1545 | D:3      | Found a glowing silver altar of Zin.
  1551 | D:3      | Found an iron altar of Okawaru.
  1556 | D:3      | Found a hazy altar of Hepliaklqana.
  1793 | D:3      | Reached skill level 6 in Axes
  1884 | D:4      | Reached XP level 5. HP: 43/46 MP: 4/4
  1926 | D:4      | Found a sand-covered staircase.
  1931 | Ossuary  | Entered an ossuary
  1976 | Ossuary  | Reached skill level 7 in Axes
  2072 | Ossuary  | Reached XP level 6. HP: 47/52 MP: 5/5
  2152 | Ossuary  | Reached skill level 8 in Axes
  2996 | D:4      | Found a glowing golden altar of the Shining One.
  3285 | D:5      | Entered Level 5 of the Dungeon
  3461 | D:5      | Noticed Ijyb
  3473 | D:5      | Killed Ijyb
  3587 | D:5      | Reached skill level 9 in Axes
  3587 | D:5      | Reached XP level 7. HP: 58/58 MP: 6/6
  3985 | D:5      | Reached skill level 10 in Axes
  4062 | D:5      | Noticed Edmund
  4084 | D:5      | Killed Edmund
  4450 | D:5      | Noticed Blork the orc
  4481 | D:5      | HP: 2/58 [something (2)]
  4484 | D:5      | Slain by Blork the orc

Illustrated notes

Levels and vault maps discovered:
D:1:      dpeg_arrival_long_road, layout_basic,
          hellmonk_ecumenical_altar_heavens_door
D:2:      layout_basic
D:3:      layout_basic, minmay_overflow_temple_star_quad
D:4:      layout_basic, tso_oasis_becter, enter_ossuary_2
D:5:      layout_basic, uniq_blork_the_orc, uniq_edmund, uniq_ijyb

Skill      XL: |  1  2  3  4  5  6  7 |
---------------+----------------------+-----
Axes           | 3 5 6 7 9 10 | 10.6
Fighting       | |  3.8
Armour         | |  3.8
Shields        | |  3.8

Action                   |  1- 3 |  4- 6 |  7- 9 || total
-------------------------+-------+-------+-------++-------
Melee: War axe           |    58 |   176 |    48 ||   282
       Headbutt          |     6 |    37 |    11 ||    54
  Use: Scroll            |       |     4 |       ||     4
       Potion            |       |       |     3 ||     3
Armor: Scale mail        |    26 |    20 |       ||    46
       Plate armour      |       |    90 |    25 ||   115
       Chain mail        |       |     4 |       ||     4
Dodge: Dodged            |    29 |    39 |     8 ||    76
Block: Buckler           |    11 |    29 |     5 ||    45
